 Dungeon Crawl Stone Soup version 0.30-a0-313-gae38170b09 (webtiles) character file.

Game seed: 6302616076461596232

347 koil the Shooter (level 6, -2/32 HPs)
             Began as a Spriggan Hunter on Oct 26, 2022.
             Slain by an iron imp (5 damage)
             ... summoned by Natasha
             ... on level 4 of the Dungeon.
             The game lasted 00:07:59 (3495 turns).

koil the Shooter (Spriggan Hunter)                  Turns: 3495, Time: 00:08:00

Health: -2/32      AC:  2    Str:  7    XL:     6   Next: 33%
Magic:  11/11      EV: 20    Int: 10    God:
Gold:   189        SH:  0    Dex: 21    Spells: 11/11 levels left

rFire   . . .      SeeInvis +    a - +0 shortbow
rCold   . . .      Faith    .    (shield currently unavailable)
rNeg    . . .      Spirit   .    c - +0 robe
rPois   .          Reflect  .    (helmet restricted)
rElec   .          Harm     .    (no cloak)
rCorr   .          Rampage  .    (gloves unavailable)
Will    +....                    (boots unavailable)
Stlth   +++.......               (no amulet)
HPRegen 0.25/turn                (no ring)
MPRegen 0.12/turn                (no ring)

@: slowed, quick
A: very small, no large weapons, unfitting armour, see invisible, speed 3
a: no special abilities


You were on level 4 of the Dungeon.
You visited 1 branch of the dungeon, and saw 6 of its levels.

You collected 189 gold pieces.

Inventory:

Hand Weapons
 a - a +0 shortbow (weapon)
Missiles
 y - 2 datura-tipped darts
Armour
 c - a +0 robe (worn)
Magical Staves
 l - a staff of poison
Scrolls
 b - a scroll of immolation
 d - a scroll of fear {unknown}
 f - 5 scrolls of teleportation {unknown}
 g - a scroll of torment {unknown}
 k - 2 scrolls of blinking {unknown}
 m - 2 scrolls of noise {unknown}
 n - 3 scrolls of identify {unknown}
 s - 2 scrolls of magic mapping {unknown}
 t - a scroll of vulnerability {unknown}
 u - a scroll of silence {unknown}
 v - a scroll of enchant weapon {unknown}
Potions
 e - 2 potions of mutation {unknown}
 h - 4 potions of curing {unknown}
 i - 2 potions of berserk rage {unknown}
 j - 3 potions of cancellation {unknown}
 o - a potion of lignification {unknown}
 p - 2 potions of attraction {unknown}
 q - a potion of haste {unknown}
 r - a potion of might {unknown}
 w - 3 potions of flight {unknown}
 x - a potion of ambrosia {unknown}
 z - a potion of heal wounds {unknown}
 A - a potion of brilliance {unknown}


   Skills:
 + Level 2.8 Fighting
 + Level 4.9 Ranged Weapons
 + Level 4.5 Dodging
 + Level 4.5 Stealth
 + Level 3.0 Spellcasting
 + Level 1.0 Poison Magic


You had 11 spell levels left.
You didn't know any spells.
Your spell library contained the following spells:

 Spells                   Type           Power      Damage    Failure   Level
 Summon Ice Beast         Ice/Summ       1%         N/A       95%         4
 Summon Mana Viper        Hex/Summ       1%         N/A       100%        5
 Monstrous Menagerie      Summ           0%         N/A       100%        7


Dungeon Overview and Level Annotations

Branches:
Dungeon (6/15)
 Temple: D:4-7

Altars:
Trog

Annotations:
D:4 Natasha


Innate Abilities, Weirdness & Mutations

You are very small and have problems with some larger weapons.
You are too small for most types of armour.
You have supernaturally acute eyesight. (SInv)
You cover ground extremely quickly. (Speed+++)


Message History

You see here a ball python corpse.
There is an open door here.
You shoot an arrow.
The arrow hits the orc but does no damage.
You shoot an arrow. The arrow closely misses the orc.
You shoot an arrow. The arrow hits the orc.
The orc is moderately wounded.
The orc throws a boomerang.
The boomerang closely misses you.
You shoot an arrow. The arrow hits the orc!
You kill the orc!
No target in view!
No target in view!
Natasha, Servant of Life and Death comes into view.
She is carrying a wand of polymorph (7).
You shoot an arrow. The arrow closely misses Natasha.
Natasha hisses angrily.
Natasha casts a spell at you.
You feel yourself slow down.
You shoot an arrow. The arrow hits Natasha!
Natasha is severely wounded.
Natasha casts a spell at you. The magic dart hits you.
You shoot an arrow. The arrow closely misses Natasha.
Natasha casts a spell.
You shoot an arrow.
The arrow completely misses the iron imp.
You shoot an arrow. The arrow barely misses Natasha.
Natasha claws you! The iron imp completely misses you.
Natasha zaps a wand.
You resist with almost no effort. The iron imp hits you.
You are too injured to fight recklessly!
You are too injured to fight recklessly!
You are too injured to fight recklessly!
You are too injured to fight recklessly!
You are too injured to fight recklessly!
You shoot an arrow. The arrow closely misses Natasha.
Natasha stares at you and mumbles some strange words.
The magic dart hits you!
* * * LOW HITPOINT WARNING * * *
The iron imp misses you. Natasha barely misses you.
You shoot an arrow. The arrow closely misses Natasha.
The iron imp hits you.
You die...

#.....##....+.........#..[.....
##....##.####.........#........
#....##.......###.#.######.##.
##....##.......# #.#.# #.##.
#.....##.......# #.#.# #..'.
##....##.......# #.#.# ####.
#.............###.#.##########
#.....##....h...#.#...........
#.....##....5@..#.#.......[...
#.................#...........
#..#..####......###.#########.
#..#.....'......'.†.# #.
#.....####......###.# #.
#.##### #...######.# #. #.#
#####...# ###..# #.
#g####S......# #....##h.l..##.
#...g'g......###...†#.K...l.#.


You could see an iron imp (summoned) and Natasha.

Vanquished Creatures
  A scorpion (D:4)
  2 hounds (D:4)
  An iguana (D:4)
  Natasha (twice) (D:4)
  6 adders
  2 ufetubi (D:4)
  5 dart slugs
  5 orcs
  2 bats (D:1)
  7 endoplasms
  2 giant cockroaches
  9 goblins
  6 hobgoblins
  5 jackals (D:4)
  A quokka (D:1)
  3 ball pythons
  13 kobolds
  4 rats
76 creatures vanquished.

Notes
Turn   | Place    | Note
-------+----------+-------------------------------------------
     0 | D:1      | koil the Spriggan Hunter began the quest for the Orb.
     0 | D:1      | Reached XP level 1. HP: 10/10 MP: 2/2
   118 | D:1      | Reached XP level 2. HP: 5/15 MP: 3/3
   209 | D:1      | Reached skill level 1 in Spellcasting
   657 | D:2      | Reached XP level 3. HP: 18/18 MP: 5/5
  1272 | D:2      | Found a bloodstained altar of Trog.
  1577 | D:3      | Reached XP level 4. HP: 23/23 MP: 7/7
  1578 | D:3      | You fall into a shaft and drop 3 floors!
  1592 | D:5      | Entered Level 5 of the Dungeon
  1977 | D:4      | Noticed a scorpion
  2133 | D:4      | Killed a scorpion
  2134 | D:4      | Reached XP level 5. HP: 27/27 MP: 9/9
  3281 | D:4      | Noticed Natasha
  3285 | D:4      | Killed Natasha
  3305 | D:4      | Noticed Natasha
  3309 | D:4      | Killed Natasha
  3310 | D:4      | Reached XP level 6. HP: 32/32 MP: 11/11
  3458 | D:4      | Reached skill level 1 in Poison Magic
  3488 | D:4      | Noticed Natasha
  3495 | D:4      | Slain by an iron imp

Illustrated notes

Levels and vault maps discovered:
D:1:      matt_arrival_diagonals, layout_rooms, patterned_corridor
D:2:      layout_basic, basic_altar
D:3:      layout_loops_corners
D:4:      minmay_opposing_rooms, layout_basic, minmay_small_thing, uniq_natasha
D:5:      layout_loops_corners
D:6:      layout_loops_cross, minmay_temple_entry_glass

Skill      XL: |  1  2  3  4  5  6 |
---------------+-------------------+-----
Stealth        | 2 3 4 |  4.5
Dodging        | 3 4 |  4.5
Spellcasting   | 1 2 3 |  3.0
Fighting       | 2 |  2.8
Poison Magic   | 1 |  1.0
Ranged Weapons | |  4.9

Action                   |  1- 3 |  4- 6 || total
-------------------------+-------+-------++-------
 Fire: Shortbow          |   113 |   151 ||   264
Armor: Robe              |     3 |     6 ||     9
Dodge: Dodged            |    38 |    59 ||    97

Table legend: (Time is in decaauts)
 A = Elapsed time spent in this place.
 B = Non-inter-level travel time spent in this place.
 C = Inter-level travel time spent in this place.
 D = Time resting spent in this place.
 E = Time spent auto-exploring this place.
 F = Levels seen in this place.
 G = Mean time per level.
                   A        B        C        D        E       F      G
               +--------+--------+--------+--------+--------+-----+--------+
         Total |   2403 |   2351 |     52 |      0 |   1755 |   6 |  400.5 |
       Dungeon |   2403 |   2351 |     52 |      0 |   1755 |   6 |  400.5 |
               +--------+--------+--------+--------+--------+-----+--------+

Top non-repeatable levels by time:
     D:2: 745 daAuts
     D:4: 735 daAuts
     D:3: 553 daAuts
     D:1: 354 daAuts
     D:6: 9 daAuts
     D:5: 4 daAuts
